 Dungeon Crawl Stone Soup version 0.32-a0-35-gd9ff480968 (webtiles) character file.

Game seed: 13424118403341723212

7 IdlyInterested the Twirler (level 1, 0/16 HPs)
             Began as a Demonspawn Gladiator on Jan 22, 2024.
             Frozen to death by an endoplasm (2 damage)
             ... on level 1 of the Dungeon.
             The game lasted 00:00:39 (55 turns).

IdlyInterested the Twirler (Demonspawn Gladiator)     Turns: 55, Time: 00:00:40

Health: 0/16       AC:  4    Str: 14    XL:     1   Next: 91%
Magic:  1/1        EV: 12    Int:  8    God:
Gold:   0          SH:  0    Dex: 14    Spells: 0/0 levels left

rFire   . . .        a - +0 quarterstaff
rCold   . . .        (shield currently unavailable)
rNeg    . . .        b - +0 leather armour
rPois   .            c - +0 helmet
rElec   .            (no cloak)
rCorr   .            (no gloves)
SInv    .            (no boots)
Will    .....        (no amulet)
Stlth   +            (no ring)
HPRegen 0.22/turn    (no ring)
MPRegen 0.07/turn

%: no passive effects
@: no status effects
A: no striking features
a: no special abilities


You were on level 1 of the Dungeon.
You visited 1 branch of the dungeon, and saw 1 of its levels.

Inventory:

Hand Weapons
 a - a +0 quarterstaff (weapon)
Missiles
 d - 3 throwing nets (quivered)
 e - a javelin
Armour
 b - a +0 leather armour (worn)
 c - a +0 helmet (worn)


   Skills:
 - Level 2.0 Fighting
 + Level 3.0 Staves
 - Level 2.0 Throwing
 + Level 2.8 Dodging


You couldn't memorise any spells.
You didn't know any spells.
Your spell library was empty.

Dungeon Overview and Level Annotations

Branches:
Dungeon (1/15)

Altars:

Shops:
D:1 !


Message History

Training target 2.0 for Throwing reached!
Your Throwing skill increases to level 2!
You hit the endoplasm but do no damage. The kobold barely misses you.
The endoplasm completely misses you.
You sock the endoplasm!
You kill the endoplasm!
The kobold closely misses you.
A rat comes into view.
You barely miss the kobold.
The rat squeaks loudly.
You hear an angry hiss.
The kobold hits you with a +0 short sword.
An endoplasm comes into view.
The endoplasm quivers.
You hit the kobold but do no damage. The kobold closely misses you.
You barely miss the kobold.
The kobold hits you with a +0 short sword.
You hit the kobold but do no damage.
The kobold hits you with a +0 short sword. x2
You hit the kobold but do no damage.
The kobold hits you with a +0 short sword.
* * * LOW HITPOINT WARNING * * *
A frilled lizard comes into view.
You hit the kobold but do no damage.
The kobold hits you with a +0 short sword.
* * * LOW HITPOINT WARNING * * *
You closely miss the kobold. The kobold hits you but does no damage.
The rat bites you but does no damage.
You thump the kobold!
You kill the kobold!
The rat bites you.
* * * LOW HITPOINT WARNING * * *
Your Staves skill increases to level 3!
Unknown command.
You barely miss the endoplasm. The endoplasm closely misses you.
The rat barely misses you. x2; The endoplasm misses you.
You hit the endoplasm.
The endoplasm is heavily wounded.
The endoplasm freezes you.
You are frozen.
You die...

. #### .. ...######
.. #####.∩..#... #.
............
#.#.l####.[........
#.....J............
......r@.....#
......♣†!..)####
........$.##...###.#
........######.....#
........# #.######
.......## #......#
......+ ######.#
..... #....# ....#
#.####


You could see an endoplasm, a frilled lizard and a rat.

Vanquished Creatures
  An endoplasm (D:1)
  A goblin (D:1)
  A hobgoblin (D:1)
  A kobold (D:1)
  A quokka (D:1)
  A ball python (D:1)
6 creatures vanquished.

Notes
Turn   | Place    | Note
-------+----------+-------------------------------------------
     0 | D:1      | IdlyInterested the Demonspawn Gladiator began the quest for
                  | the Orb.
     0 | D:1      | Reached XP level 1. HP: 16/16 MP: 1/1
    20 | D:1      | Found Sehuw's Distillery.
    54 | D:1      | Reached skill level 3 in Staves
    55 | D:1      | Frozen to death by an endoplasm

Illustrated notes

Levels and vault maps discovered:
D:1:      nicolae_arrival_somewhat_less_tricky_arrival, layout_rooms,
          serial_shops, shop_statue, nicolae_shop_peninsula,
          nicolae_shop_dealshenge, nicolae_shop_back_alley_shop, shop

Skill      XL: |  1 |
---------------+----+-----
Throwing       | 2 |  2.0
Staves         | 3 |  3.0
Fighting       | |  2.0
Dodging        | |  2.8

Action                     || total
---------------------------++-------
  Melee: Quarterstaff      ||    24
 Armour: Leather armour    ||    21
  Dodge: Dodged            ||    20

Table legend: (Time is in decaauts)
 A = Elapsed time spent in this place.
 B = Non-inter-level travel time spent in this place.
 C = Inter-level travel time spent in this place.
 D = Time resting spent in this place.
 E = Time spent auto-exploring this place.
 F = Levels seen in this place.
 G = Mean time per level.
                   A        B        C        D        E       F      G
               +--------+--------+--------+--------+--------+-----+--------+
         Total |     59 |     59 |      0 |      0 |     19 |   1 |   59.0 |
       Dungeon |     59 |     59 |      0 |      0 |     19 |   1 |   59.0 |
               +--------+--------+--------+--------+--------+-----+--------+

Top non-repeatable levels by time:
     D:1: 59 daAuts
